 Seeded DCSS version 0.29-a0-11-ga75d3d97ab (webtiles) character file.

Game seed: 15814994978132999474 (custom seed)

142 wilfster70 the Digger (level 5, -1/28 HPs)
             Began as a Gargoyle Earth Elementalist on Jan 27, 2022.
             Slain by an orc (6 damage)
             ... on level 3 of the Dungeon on Jan 28, 2022.
             The game lasted 00:07:51 (3374 turns).

wilfster70 the Digger (Gargoyle Earth Elementalist) Turns: 3374, Time: 00:07:52

Health: -1/28      AC:  7    Str: 12    XL:     5   Next: 24%
Magic:  2/8        EV: 11    Int: 17    God:
Gold:   82         SH:  0    Dex: 10    Spells: 5/9 levels left

rFire   . . .      SeeInvis .   a - +0 trident
rCold   . . .      Faith    .   (no shield)
rNeg    + . .      Spirit   .   b - +0 robe
rPois   ∞          Reflect  .   (no helmet)
rElec   +          Harm     .   (no cloak)
rCorr   .          Rampage  .   (no gloves)
Will    .....                   h - +0 pair of boots
Stlth   ++........              (no amulet)
HPRegen 0.09/turn               (no ring)
MPRegen 0.11/turn               (no ring)

@: no status effects
A: sickness immunity, AC +4, negative energy resistance 1, electricity
resistance, torment resistance 1, petrification resistance
a: no special abilities


You were on level 3 of the Dungeon.
You visited 1 branch of the dungeon, and saw 5 of its levels.

You collected 136 gold pieces.
You spent 54 gold pieces at shops.

Inventory:

Hand Weapons
 a - a +0 trident (weapon)
Missiles
 c - 36 stones
Armour
 b - a +0 robe (worn)
 g - the +0 kite shield "Naneric" {Slay+3}
   (You found it on level 2 of the Dungeon)

   Slay:      It affects your accuracy & damage with ranged weapons and melee
   (+3).
 h - a +0 pair of boots (worn)
Jewellery
 k - a ring of positive energy
Scrolls
 e - 2 scrolls of enchant weapon {unknown}
 i - a scroll of magic mapping {unknown}
 j - a scroll of identify {unknown}
 m - a scroll of immolation {unknown}
 n - a scroll of fear {unknown}
Potions
 d - a potion of brilliance {unknown}
 f - a potion of experience {unknown}
 l - 2 potions of curing {unknown}
 o - a potion of heal wounds {unknown}


   Skills:
 - Level 1.5 Dodging
 - Level 2.1 Stealth
 - Level 2.6 Spellcasting
 + Level 2.8 Conjurations
 - Level 0.7 Transmutations
 + Level 5.5 Earth Magic


You had 5 spell levels left.
You knew the following spells:

 Your Spells              Type           Power      Damage    Failure   Level
a - Sandblast             Erth           42%        2d11      1%          1
b - Stone Arrow           Conj/Erth      32%        3d9       10%         3

Your spell library contained the following spells:

 Spells                   Type           Power      Damage    Failure   Level
 Passwall                 Tmut/Erth      10%        N/A       8%          2
 Ensorcelled Hibernation  Hex/Ice        4%         N/A       28%         2
 Spider Form              Tmut/Pois      3%         N/A       43%         3
 Petrify                  Tmut/Erth      12%        N/A       45%         4
 Anguish                  Hex/Necr       1%         N/A       88%         4


Dungeon Overview and Level Annotations

Branches:
Dungeon (5/15)
 Temple: D:4-7

Altars:

Shops:
D:2 [


Innate Abilities, Weirdness & Mutations

You are immune to sickness and miasma.
Your stone body is resilient. (AC +4)
You are immune to poison.
You resist negative energy. (rN+)
You are resistant to electric shocks. (rElec)
You are resistant to unholy torment.
You are immune to petrification.


Message History

Aim: an orc priest, wielding a +1 vorpal hand axe and wearing a +0 leather armour (moderately wounded, 81% to hit)
The blast of sand hits the orc priest!
The orc priest is severely wounded.
The orc priest calls down the wrath of Beogh upon you.
Beogh smites you!
Casting: Sandblast (safe; 1% risk of failure)
Confirm with . or Enter, or press ? or * to list all spells.
Aiming: Sandblast (safe; 1% risk of failure)
Press: ? - help, Shift-Dir - straight line, f/p - orc priest
Aim: an orc priest, wielding a +1 vorpal hand axe and wearing a +0 leather armour (severely wounded, 81% to hit)
The blast of sand hits the orc priest but does no damage.
The orc priest is severely wounded.
The orc priest barely misses you.
Casting: Sandblast (safe; 1% risk of failure)
Confirm with . or Enter, or press ? or * to list all spells.
Aiming: Sandblast (safe; 1% risk of failure)
Press: ? - help, Shift-Dir - straight line, f/p - orc priest
Aim: an orc priest, wielding a +1 vorpal hand axe and wearing a +0 leather armour (severely wounded, 81% to hit)
The blast of sand hits the orc priest but does no damage.
The orc priest is severely wounded.
The orc priest mumbles some strange prayers to Beogh against you.
Pain shoots through your body!
Casting: Sandblast (safe; 1% risk of failure)
Confirm with . or Enter, or press ? or * to list all spells.
Aiming: Sandblast (safe; 1% risk of failure)
Press: ? - help, Shift-Dir - straight line, f/p - orc priest
Aim: an orc priest, wielding a +1 vorpal hand axe and wearing a +0 leather armour (severely wounded, 81% to hit)
The blast of sand hits the orc priest.
The orc priest is almost dead.
The orc priest hits you with a +1 vorpal hand axe.
* * * LOW HITPOINT WARNING * * *
x2
Casting: Sandblast (safe; 1% risk of failure)
Confirm with . or Enter, or press ? or * to list all spells.
Aiming: Sandblast (safe; 1% risk of failure)
Press: ? - help, Shift-Dir - straight line, f/p - orc priest
Aim: an orc priest, wielding a +1 vorpal hand axe and wearing a +0 leather armour (almost dead, 81% to hit)
The blast of sand hits the orc priest.
You kill the orc priest!
The orc hits you with a +0 flail.
You die...

.............
#####.##########
...............# #..#
.:..# #####.######.#.##
#..# ....#### .... #.#..#
#(.# #$..... ......
#.##.###..# #....####
#......# #.#.......#
#........ .......#
#.#.#o....# #........
....#.#.
....#@....###....# ....#.
.....#..(.......#.
.......#.....###..#.#####
..o....#.....###..#......
......##..........# #...(
o..... #..##.#.##.# #....
#..##.#.##.###....
#...#.#...........
#.#.#.####'###....


You could see an orc.

Vanquished Creatures
  An orc priest (D:3)
  3 gnolls (D:4)
  4 adders
  An adder zombie (D:5)
  A worm (D:2)
  3 dart slugs
  An orc (D:3)
  4 bats
  4 endoplasms
  4 giant cockroaches
  5 goblins
  6 hobgoblins
  6 jackals (D:1)
  4 quokkas
  5 ball pythons
  3 frilled lizards
  4 kobolds
  3 rats
62 creatures vanquished.

Notes
Turn   | Place    | Note
-------+----------+-------------------------------------------
     0 | D:1      | wilfster70 the Gargoyle Earth Elementalist began the quest
                  | for the Orb.
     0 | D:1      | Reached XP level 1. HP: 10/10 MP: 3/3
    60 | D:1      | Upgraded the game from 0.29-a0-8-g0446c0dae4 to
                  | 0.29-a0-11-ga75d3d97ab
   130 | D:1      | Reached XP level 2. HP: 8/15 MP: 1/5
   263 | D:1      | Reached skill level 4 in Earth Magic
   904 | D:1      | Reached XP level 3. HP: 19/19 MP: 6/6
   908 | D:1      | Learned a level 3 spell: Stone Arrow
  1330 | D:1      | Reached skill level 1 in Conjurations
  1346 | D:1      | Found a faded altar of an unknown god.
  1625 | D:2      | Identified the +0 kite shield "Naneric" {Slay+3}
  1668 | D:2      | Reached XP level 4. HP: 11/24 MP: 0/7
  1856 | D:2      | Found Seluut's Armour Shop.
  1859 | D:2      | Bought a +0 pair of boots for 54 gold pieces
  1957 | D:2      | Reached skill level 5 in Earth Magic
  2874 | D:3      | You fall into a shaft and drop 2 floors!
  2874 | D:5      | Entered Level 5 of the Dungeon
  2919 | D:5      | Noticed an ogre
  2936 | D:4      | Reached XP level 5. HP: 26/28 MP: 3/8
  3374 | D:3      | Slain by an orc

Illustrated notes

Levels and vault maps discovered:
D:1:      lightli_arrival_statue_moat, layout_basic,
          dilly_ecumenical_altar_fadedgnrine
D:2:      layout_basic, serial_shops, nicolae_shop_behind_doors, hex_tiny
D:3:      layout_basic, kennysheep_jessica_study
D:4:      layout_layer_cave
D:5:      layout_rooms, minmay_fountain_box, minmay_pentangle

Skill      XL: |  1  2  3  4 |
---------------+-------------+-----
Earth Magic    | 4 5 |  5.5
Conjurations   | 1 2 |  2.8
Dodging        | |  1.5
Stealth        | |  2.1
Spellcasting   | |  2.6
Transmutations | |  0.7

Action                   |  1- 3 |  4- 6 || total
-------------------------+-------+-------++-------
Melee: Trident           |   101 |    61 ||   162
       Punch             |     2 |     2 ||     4
       Spear             |     1 |       ||     1
 Cast: Sandblast         |    11 |    26 ||    37
       Stone Arrow       |     1 |       ||     1
 Stab: Sleeping          |     4 |     1 ||     5
Armor: Robe              |    35 |    26 ||    61
Dodge: Dodged            |    50 |    40 ||    90

Table legend: (Time is in decaauts)
 A = Elapsed time spent in this place.
 B = Non-inter-level travel time spent in this place.
 C = Inter-level travel time spent in this place.
 D = Time resting spent in this place.
 E = Time spent auto-exploring this place.
 F = Levels seen in this place.
 G = Mean time per level.
                   A        B        C        D        E       F      G
               +--------+--------+--------+--------+--------+-----+--------+
         Total |   3420 |   3389 |     31 |   1278 |   1149 |   5 |  684.0 |
       Dungeon |   3420 |   3389 |     31 |   1278 |   1149 |   5 |  684.0 |
               +--------+--------+--------+--------+--------+-----+--------+

Top non-repeatable levels by time:
     D:1: 1531 daAuts
     D:2: 1181 daAuts
     D:4: 413 daAuts
     D:3: 240 daAuts
     D:5: 52 daAuts
